 Dungeon Crawl Stone Soup version 0.29-a0-283-ga02f740833 (webtiles) character file.

Game seed: 15415595779501365585

42 Dabor the Shield-Bearer (level 3, -1/24 HPs)
             Began as a Gargoyle Fighter on Mar 13, 2022.
             Slain by a goblin
             ... wielding a +0 club
             ... led by Robin
              (3 damage)
             ... on level 2 of the Dungeon.
             The game lasted 00:01:49 (1915 turns).

Dabor the Shield-Bearer (Gargoyle Fighter)          Turns: 1915, Time: 00:01:49

Health: -1/24      AC: 10    Str: 21    XL:     3   Next: 56%
Magic:  3/3        EV:  9    Int:  8    God:
Gold:   82         SH:  4    Dex:  9    Spells: 2/2 levels left

rFire   . . .      SeeInvis .   a - +0 flail
rCold   . . .      Faith    .   c - +0 buckler
rNeg    + . .      Spirit   .   b - +0 scale mail
rPois   ∞          Reflect  .   (no helmet)
rElec   +          Harm     .   (no cloak)
rCorr   .          Rampage  .   (no gloves)
Will    .....                   (no boots)
Stlth   ..........              (no amulet)
HPRegen 0.08/turn               (no ring)
MPRegen 0.08/turn               (no ring)

@: mighty
A: sickness immunity, AC +3, negative energy resistance 1, electricity
resistance, torment resistance 1, petrification resistance
a: no special abilities


You were on level 2 of the Dungeon.
You visited 1 branch of the dungeon, and saw 2 of its levels.

You collected 82 gold pieces.

Inventory:

Hand Weapons
 a - a +0 flail (weapon)
Armour
 b - a +0 scale mail (worn)
 c - a +0 buckler (worn)
Scrolls
 f - 2 scrolls of identify
Potions
 g - a potion of mutation {unknown}
 h - a potion of heal wounds {unknown}
 i - a potion of attraction {unknown}


   Skills:
 + Level 3.7 Fighting
 + Level 2.5 Maces & Flails
 + Level 3.7 Armour
 + Level 3.7 Shields


You had 2 spell levels left.
You didn't know any spells.
Your spell library contained the following spells:

 Spells                   Type           Power      Damage    Failure   Level
 Animate Skeleton         Necr           0%         N/A       83%         1
 Apportation              Tloc           0%         N/A       83%         1
 Summon Small Mammal      Summ           0%         N/A       83%         1
 Ensorcelled Hibernation  Hex/Ice        0%         N/A       93%         2
 Spider Form              Tmut/Pois      0%         N/A       99%         3
 Anguish                  Hex/Necr       0%         N/A       100%        4
 Blade Hands              Tmut           0%         N/A       100%        5
 Irradiate                Conj/Tmut      0%         3d13      100%        5
 Dragon Form              Tmut           0%         N/A       100%        7


Dungeon Overview and Level Annotations

Branches:
Dungeon (2/15)

Altars:


Innate Abilities, Weirdness & Mutations

You are immune to sickness and miasma.
Your stone body is resilient. (AC +3)
You are immune to poison.
You resist negative energy. (rN+)
You are resistant to electric shocks. (rElec)
You are resistant to unholy torment.
You are immune to petrification.


Message History

You closely miss the goblin. Robin throws the goblin at you!
The goblin hits you but does no damage. x2
You hit the goblin.
You kill the goblin!
The goblin hits you but does no damage. x3
You miss the goblin. The goblin misses you. You block the goblin's attack.
You barely miss the goblin. The goblin misses you.
The goblin hits you but does no damage. The goblin hits you with a +0 dagger.
The goblin hits you but does no damage. Robin throws the goblin at you!
You bludgeon the goblin!!
You kill the goblin!
The goblin hits you but does no damage. You block the goblin's attack.
You thump Robin!
Robin is severely wounded.
Robin hits you with a +0 falchion. The goblin barely misses you.
The goblin hits you but does no damage.
You barely miss Robin.
Robin is severely wounded.
The goblin no longer looks unusually strong.
You block Robin's attack. You block the goblin's attack.
The goblin hits you but does no damage. x3
Robin says, "A pitiful Gargoyle like you will never find the ORB!"
Robin closely misses you.
You closely miss Robin.
Robin is severely wounded.
Robin closely misses you. You block the goblin's attack.
The goblin hits you but does no damage.
You barely miss Robin.
Robin is severely wounded.
Robin roars a battlecry!
The goblin goes into a battle-frenzy!
You block the goblin's attack. The goblin hits you with a +0 club.
* * * LOW HITPOINT WARNING * * *
You bludgeon Robin!!
You kill Robin!
The goblin no longer looks unusually strong.
You block the goblin's attack. The goblin hits you with a +0 dagger.
* * * LOW HITPOINT WARNING * * *
The goblin hits you but does no damage. The goblin hits you with a +0 club.
You die...

#..... .# #..... .#
#...?. .# #..... .#
#######+# ###...gg .#
#........ #.....g.#.#
#........ +....gg)..#
#........
#...g###.#####........
+....@)......)......#
#...g####.###.#######
#.... #.# #.# #....
#.###'####### #....
#...........# #####
#...........# #######
#...........# #.....#
###+#.#####.# #.....#
#.#.# #..#


You could see 2 goblins.

Vanquished Creatures
  Robin (D:2)
  4 endoplasms
  A giant cockroach (D:1)
  9 goblins
  2 hobgoblins
  8 jackals
  4 kobolds
  A quokka (D:1)
  2 ball pythons
  A frilled lizard (D:1)
  4 rats
37 creatures vanquished.

Notes
Turn   | Place    | Note
-------+----------+-------------------------------------------
     0 | D:1      | Dabor the Gargoyle Fighter began the quest for the Orb.
     0 | D:1      | Reached XP level 1. HP: 14/14 MP: 1/1
   560 | D:1      | Reached XP level 2. HP: 19/19 MP: 2/2
   898 | D:1      | Found a faded altar of an unknown god.
  1305 | D:2      | Reached XP level 3. HP: 15/23 MP: 3/3
  1870 | D:2      | Noticed Robin
  1915 | D:2      | Killed Robin
  1915 | D:2      | Slain by a goblin

Illustrated notes

Levels and vault maps discovered:
D:1:      dpeg_arrival_tiny_a, layout_loops_corners,
          shapermc_ecumenical_altar_acropolis
D:2:      layout_basic, uniq_jessica, uniq_crazy_yiuf_cottage, uniq_robin

Action                   || total
-------------------------++-------
Melee: Flail             ||   126
  Use: Potion            ||     2
       Scroll            ||     1
Armor: Scale mail        ||    95
Dodge: Dodged            ||    84
Block: Buckler           ||    43

Table legend: (Time is in decaauts)
 A = Elapsed time spent in this place.
 B = Non-inter-level travel time spent in this place.
 C = Inter-level travel time spent in this place.
 D = Time resting spent in this place.
 E = Time spent auto-exploring this place.
 F = Levels seen in this place.
 G = Mean time per level.
                   A        B        C        D        E       F      G
               +--------+--------+--------+--------+--------+-----+--------+
         Total |   1955 |   1878 |     77 |    203 |   1395 |   2 |  977.5 |
       Dungeon |   1955 |   1878 |     77 |    203 |   1395 |   2 |  977.5 |
               +--------+--------+--------+--------+--------+-----+--------+

Top non-repeatable levels by time:
     D:1: 1289 daAuts
     D:2: 665 daAuts
